 Dungeon Crawl Stone Soup version 0.31-a0-121-g1e386dd289 (webtiles) character file.

Game seed: 10140012685820694828

15669 xian the Destroyer (level 12, -1/56 HPs)
             Began as a Vine Stalker Conjurer on June 1, 2023.
             Was a High Priest of Vehumet.
             Engulfed by an ice statue's freezing vapour (6 damage)
             ... in an ice cave.
             The game lasted 00:49:21 (14135 turns).

xian the Destroyer (Vine Stalker Conjurer)         Turns: 14135, Time: 00:49:21

Health: -1/56      AC: 12    Str: 12    XL:     12   Next: 29%
Magic:  0/26       EV: 23    Int: 25    God:    Vehumet [*****.]
Gold:   388        SH: 13    Dex: 12    Spells: 18/30 levels left

rFire   . . .        M - +4 dagger (chaos)
rCold   . . .        n - +3 kite shield of the Weaver {rPois Regen+ rCorr}
rNeg    . . .        L - +0 steam dragon scales
rPois   +            B - +1 helmet {Int+3}
rElec   .            C - +1 cloak {rCorr}
rCorr   +            E - +1 Delatra's gloves {ID++}
SInv    .            (no boots)
Will    +....        b - amulet of regeneration
Stlth   +++          q - +4 ring of slaying
HPRegen 2.69/turn    v - ring of the Hare {EV+10}
MPRegen 0.20/turn

%: guardian spirit
@: studying Shields
A: fangs 3, regeneration 1, magic shield, antimagic bite, no potion heal 2
a: Renounce Religion


You were in an ice cave.
You worshipped Vehumet.
Vehumet was extremely pleased with you.
You visited 2 branches of the dungeon, and saw 12 of its levels.
You also visited: Sewer, Bailey and Ice Cave.

You collected 610 gold pieces.
You spent 222 gold pieces at shops.

Inventory:

Hand Weapons
 z - a +3 dagger of venom
 M - a +4 dagger of chaos (weapon)
Missiles
 t - 3 throwing nets
Armour
 n - the +3 kite shield of the Weaver (worn) {rPois Regen+ rCorr}
   (You found it in a bailey)

   rPois:     It protects you from poison.
   Regen:     It increases your rate of health regeneration.
   rCorr:     It protects you from acid and corrosion.
 B - a +1 helmet of intelligence (worn)
 C - a +1 cloak of preservation (worn)
 D - a +1 ring mail of fire resistance
 E - the +1 Delatra's gloves (worn) {ID++}
   (You found it on level 6 of the Dungeon)

   ID++:      It heals its wearer when they drink unknown potions, and restores
   their MP when they read unknown scrolls.
 L - +0 steam dragon scales (worn)
Magical Staves
 F - a staff of air
 Q - a staff of cold
Jewellery
 b - an amulet of regeneration (around neck)
 q - a +4 ring of slaying (left hand)
 s - a +6 ring of dexterity
 v - the ring of the Hare (right hand) {EV+10}
   (You found it on level 5 of the Dungeon)

   [ring of evasion]

   EV:        It affects your evasion (+10).
 O - a ring of flight
 R - a ring of willpower
Wands
 o - a wand of acid (3)
 I - a wand of polymorph (15)
 J - a wand of flame (22)
Scrolls
 g - 2 scrolls of teleportation
 i - 2 scrolls of blinking
 j - a scroll of noise
 k - 2 scrolls of silence
 m - a scroll of enchant weapon {unknown}
 r - 3 scrolls of vulnerability
 y - 5 scrolls of amnesia
 A - a scroll of immolation
 G - 2 scrolls of identify
 H - a scroll of magic mapping
 K - a scroll of fog {unknown}
 N - 2 scrolls of poison {unknown}
 P - a scroll of enchant armour
Potions
 a - 2 potions of invisibility
 c - 2 potions of brilliance {unknown}
 d - a potion of enlightenment {unknown}
 e - 3 potions of curing
 f - a potion of berserk rage {unknown}
 h - 2 potions of heal wounds {unknown}
 l - 3 potions of magic
 p - 2 potions of mutation {unknown}
 u - 4 potions of degeneration {unknown}
 x - 3 potions of attraction {unknown}
 S - a potion of haste
 T - a potion of cancellation {unknown}
Miscellaneous
 w - a box of beasts


   Skills:
 + Level 2.9 Fighting
 + Level 3.4 Short Blades
 + Level 5.4 Armour
 + Level 7.9 Dodging
 + Level 6.4 Stealth
 + Level 8.7 Shields
 + Level 9.6 Spellcasting
 + Level 10.0 Conjurations
 + Level 0.8 Translocations


You had 18 spell levels left.
You knew the following spells:

 Your Spells              Type           Power      Damage    Failure   Level
a - Magic Dart            Conj           100%       1d8       1%          1
b - Searing Ray           Conj           100%       2d8       1%          2
c - Iskenderun's Mystic   Conj/Tloc      39%        2d9       4%          4
d - Static Discharge      Conj/Air       74%        2-6/arc   1%          2
e - Frozen Ramparts       Ice            24%        1d4       12%         3

Your spell library contained the following spells:

 Spells                   Type           Power      Damage    Failure   Level
 Ozocubu's Refrigeration  Ice            6%         4d8       100%        7
 Dazzling Flash           Conj/Hex       74%        N/A       1%          3
 Hailstorm                Conj/Ice       37%        3d9       1%          3
 Stone Arrow              Conj/Erth      74%        3d11      1%          3
 Sandblast                Erth           24%        2d8       4%          1
 Fulminant Prism          Conj/Hex       18%        3d11      5%          4
 Ignite Poison            Fire/Tmut/Pois 12%        N/A       12%         3
 Beastly Appendage        Tmut           24%        N/A       14%         1
 Cigotuvi's Dreadful Rot  Necr/Pois/Air  24%        N/A       22%         2
 Ensorcelled Hibernation  Hex/Ice        24%        N/A       22%         2
 Passwall                 Tmut/Erth      10%        N/A       22%         2
 Sublimation of Blood     Necr           12%        N/A       22%         2
 Wereblood                Tmut           12%        N/A       22%         2
 Freezing Cloud           Conj/Ice/Air   14%        6-21      24%         5
 Spider Form              Tmut/Pois      12%        N/A       41%         3
 Swiftness                Air            12%        N/A       41%         3
 Ice Form                 Ice/Tmut       12%        N/A       82%         4
 Simulacrum               Ice/Necr       6%         N/A       100%        6
 Summon Hydra             Summ           6%         N/A       100%        7


Dungeon Overview and Level Annotations

Branches:
Dungeon (11/15)            Temple (1/1) D:6           Sewer (visited)
 Bailey (visited)           IceCv (1/1)
   Lair: D:8-11         Orc: D:9-12

Altars:
Ashenzari
Cheibriados
Dithmenos
Elyvilon
Fedhas
Gozag
Hepliaklqana
Kikubaaqudgha
Makhleb
Nemelex Xobeh
Okawaru
Qazlal
Sif Muna
Uskayaw
Vehumet
Wu Jian
Xom
Yredelemnul
Zin
The Shining One

Shops:
D:6 ?[

Annotations:
IceCv exclusion: ice statue


Innate Abilities, Weirdness & Mutations

You have razor-sharp teeth.
Your natural rate of healing is unusually fast.
When hurt, damage is shared between your health and your magic reserves.
Your bite disrupts and absorbs the magic of your enemies.
Potions cannot restore your health.


Message History

You block the ice beast's attack.
The searing ray hits the ice beast!
You kill the ice beast!
The ice beast disappears in a puff of smoke!
The searing ray hits the ice statue!
The ice statue is heavily damaged.
You finish channelling your searing ray.
The ice statue gestures at you. The bolt of cold hits you!!
Casting: Searing Ray (safe; 1% risk of failure)
Confirm with . or Enter, or press ? or * to list all spells.
You don't know that spell.
Casting: Searing Ray (safe; 1% risk of failure)
Confirm with . or Enter, or press ? or * to list all spells.
Aiming: Searing Ray (safe; 1% risk of failure)
Press: ? - help, Shift-Dir - straight line, f/p - ice statue
Aim: an ice statue (heavily damaged, 100% to hit)
The searing ray hits the ice statue!
The ice statue is severely damaged. (Press . to maintain the ray.)
The ice statue gestures.
The searing ray hits the ice statue!
The ice statue is almost destroyed.
The ice statue gestures at you. The shard of ice misses you.
The searing ray hits the ice statue!
The ice statue is almost destroyed.
The ice statue gestures at you. The freezing blast engulfs you!
You block the ice beast's attack.
The searing ray hits the ice beast!
The ice beast is moderately wounded.
The searing ray hits the ice statue.
The ice statue is almost destroyed.
You finish channelling your searing ray.
You are engulfed in freezing vapours.
The ice beast closely misses you. x2
You are engulfed in freezing vapours.
* * * LOW HITPOINT WARNING * * *
You block the ice beast's attack. x2
You are engulfed in freezing vapours.
You die...

#...## ##...## # #....##
# ##. #.....# #### ##
#8.# #....####..#####.
##...###....##....##...
##...○. #.......#..†...†
#.....Y##○.....###..†...
#..Y@○#...### ##..##.
#..☼○○...## ######
##..°.....# # #.......##
##.....## #....## ##..##
####


You could see an ice statue and 2 ice beasts.

Vanquished Creatures
  Erolcha (D:9)
  A two-headed ogre (D:10)
  3 death yaks (IceCv)
  Sonja (D:10)
  Pikel (D:7)
  A gargoyle (Bailey)
  2 rime drakes (IceCv)
  Psyche (D:8)
  2 trolls
  5 polar bears
  A hornet (D:11)
  19 yaks
  A vampire (Bailey)
  A wraith (D:11)
  An unseen horror simulacrum (D:9)
  Grum (D:9)
  4 steam dragons
  An acid dragon (D:10)
  2 water moccasins
  3 orc warriors
  An ice beast (D:6)
  3 black bears
  A sky beast (D:7)
  Pargi (Sewer)
  An ogre (D:3)
  5 wolves
  4 centaurs
  4 lemures (D:7)
  3 bullfrogs
  2 gnoll sergeants
  2 scorpions
  8 wights
  5 killer bees
  2 howler monkeys
  8 vampire bats (Bailey)
  5 wolf zombies (Bailey)
  An electric eel (D:9)
  2 hounds (D:5)
  3 jellies
  5 iguanas
  3 orc priests
  Jessica (D:2)
  3 gnoll boudas
  16 orc wizards
  2 scorpion zombies (D:3)
  A howler monkey skeleton (D:3)
  5 adders
  26 gnolls
  A river rat (D:3)
  2 shadow imps (D:7)
  3 white imps (D:9)
  2 ufetubi
  2 adder skeletons (D:3)
  A worm (D:2)
  4 dart slugs
  42 orcs
  10 bats
  5 endoplasms
  3 giant cockroaches
  14 goblins
  11 hobgoblins
  3 jackals (D:1)
  12 kobolds
  2 quokkas (D:1)
  10 ball pythons
  A ball python skeleton (D:3)
  A ball python zombie (D:3)
  4 frilled lizards
  A giant cockroach zombie (D:3)
  21 orc zombies (Bailey)
  8 rats
338 creatures vanquished.

Notes
Turn   | Place    | Note
-------+----------+-------------------------------------------
     0 | D:1      | xian the Vine Stalker Conjurer began the quest for the Orb.
     0 | D:1      | Reached XP level 1. HP: 9/9 MP: 4/4
   124 | D:1      | Reached XP level 2. HP: 13/13 MP: 1/6
   127 | D:1      | Learned a level 2 spell: Searing Ray
   713 | D:1      | Reached XP level 3. HP: 16/16 MP: 2/7
  1603 | D:2      | Reached skill level 5 in Conjurations
  1627 | D:2      | Gained mutation: Your natural rate of healing is unusually
                  | fast. [Vine Stalker growth]
  1627 | D:2      | Reached XP level 4. HP: 10/21 MP: 4/9
  1841 | D:2      | Found a faded altar of an unknown god.
  2130 | D:2      | Noticed Jessica
  2134 | D:2      | Killed Jessica
  2612 | D:3      | Reached XP level 5. HP: 24/24 MP: 5/10
  2783 | D:3      | Noticed an ogre
  2802 | D:3      | Killed an ogre
  2937 | D:3      | Found a glowing drain.
  2945 | Sewer    | Entered a sewer
  3000 | Sewer    | Noticed Pargi
  3007 | Sewer    | Killed Pargi
  3008 | Sewer    | Reached XP level 6. HP: 28/28 MP: 6/13
  3330 | D:3      | You fall into a shaft and drop 1 floor!
  4399 | D:5      | Entered Level 5 of the Dungeon
  4463 | D:5      | Reached skill level 1 in Armour
  4513 | D:5      | Reached XP level 7. HP: 32/32 MP: 11/14
  4562 | D:5      | Reached skill level 6 in Conjurations
  4804 | D:5      | Found the ring of the Hare {EV+10}
  5293 | D:5      | Found a sparkling altar of Nemelex Xobeh.
  5845 | D:6      | Reached skill level 1 in Fighting
  5845 | D:6      | Reached skill level 5 in Spellcasting
  6072 | D:6      | Gained mutation: You have razor-sharp teeth. [Vine Stalker
                  | growth]
  6072 | D:6      | Reached XP level 8. HP: 35/37 MP: 8/16
  6084 | D:6      | Learned a level 4 spell: Iskenderun's Mystic Blast
  6122 | D:6      | Found Yshaxt's Magic Scroll Shoppe.
  6127 | D:6      | Bought a scroll of noise for 10 gold pieces
  6127 | D:6      | Bought a scroll of immolation for 40 gold pieces
  6342 | D:6      | Found Soass's Armour Emporium.
  6463 | D:6      | Bought a +0 helmet of intelligence for 172 gold pieces
  6601 | D:6      | Reached skill level 7 in Conjurations
  6602 | D:6      | Found the +1 Delatra's gloves {ID++}
  6844 | D:6      | Found a staircase to the Ecumenical Temple.
  6871 | Temple   | Entered the Ecumenical Temple
  6931 | Temple   | Became a worshipper of Vehumet
  7308 | D:7      | Reached XP level 9. HP: 41/41 MP: 7/19
  7465 | D:7      | Found a flagged portal.
  7491 | Bailey   | Entered a bailey
  7748 | Bailey   | Noticed a gargoyle
  7759 | Bailey   | Reached * piety under Vehumet
  7759 | Bailey   | Offered knowledge of Foxfire by Vehumet.
  7760 | Bailey   | Reached skill level 5 in Stealth
  7777 | Bailey   | Killed a gargoyle
  7778 | Bailey   | Reached skill level 1 in Short Blades
  8176 | Bailey   | Offered knowledge of Static Discharge by Vehumet.
  8193 | Bailey   | Learned a level 2 spell: Static Discharge
  8253 | Bailey   | Reached ** piety under Vehumet
  8628 | Bailey   | Identified the +3 kite shield of the Weaver {rPois Regen+
                  | rCorr}
  8895 | D:7      | Reached skill level 1 in Shields
  8904 | D:7      | Noticed Pikel
  8918 | D:7      | Killed Pikel
  8919 | D:7      | Reached XP level 10. HP: 46/46 MP: 8/22
  9587 | D:7      | Reached skill level 5 in Dodging
  9634 | D:7      | Reached skill level 8 in Conjurations
  9819 | D:7      | Found an ornate altar of the Wu Jian Council.
  9867 | D:7      | Found a burning altar of Makhleb.
 10201 | D:8      | Offered knowledge of Volatile Blastmotes by Vehumet.
 10298 | D:8      | Reached skill level 5 in Armour
 10528 | D:8      | Reached *** piety under Vehumet
 10689 | D:8      | Offered knowledge of Sticky Flame by Vehumet.
 11010 | D:8      | Noticed Psyche
 11020 | D:8      | Killed Psyche
 11078 | D:8      | Reached skill level 5 in Shields
 11084 | D:8      | Reached XP level 11. HP: 50/50 MP: 6/24
 11361 | D:9      | Noticed Grum
 11376 | D:9      | Killed Grum
 11377 | D:9      | Reached skill level 9 in Conjurations
 11532 | D:9      | Reached **** piety under Vehumet
 11554 | D:9      | Offered knowledge of Frozen Ramparts by Vehumet.
 11559 | D:9      | Learned a level 3 spell: Frozen Ramparts
 11649 | D:9      | Noticed Erolcha
 11667 | D:9      | Killed Erolcha
 12530 | D:10     | Entered Level 10 of the Dungeon
 12530 | D:10     | Noticed Sonja
 12548 | D:10     | Noticed a two-headed ogre
 12765 | D:10     | Killed Sonja
 12896 | D:10     | Killed a two-headed ogre
 13092 | D:10     | Reached ***** piety under Vehumet
 13495 | D:11     | Found a frozen archway.
 13497 | D:11     | Offered knowledge of Ozocubu's Refrigeration by Vehumet.
 13600 | D:11     | Noticed a cyclops
 13652 | IceCv    | Entered an ice cave
 13697 | IceCv    | Noticed a death yak
 13723 | IceCv    | Reached XP level 12. HP: 53/56 MP: 26/26
 13738 | IceCv    | Killed a death yak
 13739 | IceCv    | Reached skill level 10 in Conjurations
 13905 | IceCv    | Noticed a death yak
 13908 | IceCv    | Noticed a death yak
 13931 | IceCv    | Killed a death yak
 13931 | IceCv    | Killed a death yak
 14135 | IceCv    | Engulfed by an ice statue's freezing vapour

Illustrated notes

Levels and vault maps discovered:
D:1:      amcnicky_arrival_blooded_trapdoor, layout_basic
D:2:      layout_rooms, shapermc_ecumenical_altar_gd, uniq_jessica
D:3:      layout_loops_ring, portal_sewer_entry_a, serial_undead,
          serial_undead_e, serial_undead_d, serial_undead_a, serial_undead_d,
          serial_undead_d, serial_undead_c, serial_undead_d
D:4:      layout_rooms
D:5:      corexii_shack_village, layout_basic, mainiacjoe_overflow_paths
D:6:      layout_loops_ring, minmay_temple_entry_proselytizer, serial_shops,
          nicolae_shop_stone, nicolae_inconvenience_store,
          pf_guarded_unrand_delatra
D:7:      layout_cave_pods, jmf_multi_god_temple, enter_bailey_4,
          skrybe_limestone_x, uniq_pikel
D:8:      layout_layer_cave, uniq_psyche
D:9:      layout_irregular_city, serial_ice, serial_ice_f, serial_ice_l,
          serial_ice_b, serial_ice_a, uniq_erolcha, uniq_grum
D:10:     layout_cave_pools, uniq_sonja
D:11:     layout_rooms, minmay_lair_entry_grove,
          portal_ice_cave_entry_pillars_1, nrook_campfire
Temple:   compressed_dpeg_triangle_lava_temple
IceCv:    ice_cave_small_giant

Skill      XL: |  1  2  3  4  5  6  7  8  9 10 11 12 |
---------------+-------------------------------------+-----
Conjurations   | 5 6 7 8 9 10 | 10.0
Dodging        | 2 3 4 5 7 |  7.9
Spellcasting   | 3 4 5 6 7 8 9 |  9.6
Stealth        | 3 4 5 6 |  6.4
Armour         | 1 2 3 4 5 |  5.4
Fighting       | 1 2 |  2.9
Short Blades   | 2 3 |  3.4
Shields        | 2 5 8 |  8.7
Translocations | |  0.8

Action                     |  1- 3 |  4- 6 |  7- 9 | 10-12 || total
---------------------------+-------+-------+-------+-------++-------
  Melee: Dagger            |    13 |       |    84 |    70 ||   167
         Bite              |     6 |     2 |    28 |    27 ||    63
         Short sword       |       |     9 |     1 |       ||    10
         Punch             |       |       |     2 |       ||     2
   Cast: Magic Dart        |    87 |       |       |     1 ||    88
         Searing Ray       |     2 |    41 |    90 |   139 ||   272
         Iskenderun's Myst |       |       |     1 |     9 ||    10
    Use: Scroll            |       |       |    13 |       ||    13
         Potion            |       |       |     7 |       ||     7
   Stab: Sleeping          |       |       |       |     1 ||     1
 Armour: Robe              |     2 |     2 |       |       ||     4
         Leather armour    |       |    13 |    64 |       ||    77
         Ring mail         |       |       |    24 |     5 ||    29
         Steam dragon scal |       |       |       |    50 ||    50
  Dodge: Dodged            |    14 |    36 |   356 |   311 ||   717
  Block: Kite shield       |       |       |    28 |   249 ||   277

Table legend: (Time is in decaauts)
 A = Elapsed time spent in this place.
 B = Non-inter-level travel time spent in this place.
 C = Inter-level travel time spent in this place.
 D = Time resting spent in this place.
 E = Time spent auto-exploring this place.
 F = Levels seen in this place.
 G = Mean time per level.
                   A        B        C        D        E       F      G
               +--------+--------+--------+--------+--------+-----+--------+
         Total |  14140 |  13794 |    346 |      0 |  10453 |  15 |  942.7 |
       Dungeon |  12119 |  11773 |    346 |      0 |   9240 |  11 | 1101.7 |
        Temple |     79 |     79 |      0 |      0 |      0 |   1 |   79.0 |
         Sewer |    129 |    129 |      0 |      0 |     81 |   1 |  129.0 |
        Bailey |   1327 |   1327 |      0 |      0 |    796 |   1 | 1327.0 |
      Ice Cave |    483 |    483 |      0 |      0 |    336 |   1 |  483.0 |
               +--------+--------+--------+--------+--------+-----+--------+

Top non-repeatable levels by time:
     D:7: 1713 daAuts
     D:9: 1473 daAuts
     D:1: 1444 daAuts
     D:5: 1412 daAuts
  Bailey: 1327 daAuts
     D:6: 1251 daAuts
     D:3: 1182 daAuts
     D:8: 1117 daAuts
     D:2: 1093 daAuts
    D:10: 822 daAuts
     D:4: 549 daAuts
   IceCv: 483 daAuts
   Sewer: 129 daAuts
  Temple: 79 daAuts
    D:11: 58 daAuts
